 Dungeon Crawl Stone Soup version 0.29.1-12-g30fa7ad0bf (webtiles) character file.

Game seed: 863872644782415660

458 wormed the Shooter (level 6, -6/32 HPs)
             Began as a Spriggan Hunter on Dec 29, 2022.
             Shot with an arrow by a centaur (18 damage)
             ... on level 5 of the Dungeon.
             The game lasted 00:04:00 (3015 turns).

wormed the Shooter (Spriggan Hunter)                Turns: 3015, Time: 00:04:00

Health: -6/32      AC:  2    Str:  7    XL:     6   Next: 77%
Magic:  7/7        EV: 20    Int: 11    God:
Gold:   86         SH:  0    Dex: 20    Spells: 5/5 levels left

rFire   . . .      SeeInvis +   a - +0 shortbow
rCold   + + .      Faith    .   (shield currently unavailable)
rNeg    + . .      Spirit   .   t - +0 robe of Wariness {Harm rC++ rN+ Archmagi}
rPois   .          Reflect  .   (helmet restricted)
rElec   .          Harm     +   (no cloak)
rCorr   +          Rampage  .   (gloves unavailable)
Will    +....      Archmagi +   (boots unavailable)
Stlth   +++.......              (no amulet)
HPRegen 0.10/turn               i - ring of resist corrosion
MPRegen 0.10/turn               (no ring)

@: very quick
A: very small, no large weapons, unfitting armour, see invisible, speed 3
a: no special abilities


You were on level 5 of the Dungeon.
You visited 1 branch of the dungeon, and saw 5 of its levels.

You collected 212 gold pieces.
You spent 126 gold pieces at shops.

Inventory:

Hand Weapons
 a - a +0 shortbow (weapon)
Armour
 c - a +0 robe
 t - the +0 robe of Wariness (worn) {Harm rC++ rN+ Archmagi}
   (You found it on level 2 of the Dungeon)

   rC:        It greatly protects you from cold.
   rN:        It protects you from negative energy.
   Harm:      It increases damage dealt and taken.
   Archmagi:  It increases the power of your magical spells.
Jewellery
 i - a ring of resist corrosion (left hand)
Wands
 l - a wand of polymorph (11)
Scrolls
 b - 2 scrolls of immolation
 d - a scroll of amnesia {unknown}
 g - a scroll of torment {unknown}
 j - 2 scrolls of fog {unknown}
 n - a scroll of magic mapping {unknown}
 o - 4 scrolls of noise {unknown}
 q - a scroll of summoning {unknown}
 r - a scroll of enchant armour {unknown}
 u - 2 scrolls of teleportation
 v - 3 scrolls of enchant weapon {unknown}
Potions
 e - a potion of haste
 f - a potion of curing
 h - 2 potions of flight
 k - 2 potions of attraction
 m - a potion of brilliance
 p - a potion of mutation
 s - a potion of resistance {unknown}
 w - 2 potions of heal wounds {unknown}


   Skills:
 + Level 3.0 Fighting
 * Level 6.0 Ranged Weapons
 + Level 4.9 Dodging
 + Level 5.2 Stealth


You had 5 spell levels left.
You didn't know any spells.
Your spell library contained the following spells:

 Spells                   Type           Power      Damage    Failure   Level
 Gell's Gravitas          Tloc           0%         N/A       71%         3
 Lesser Beckoning         Tloc           0%         N/A       71%         3
 Teleport Other           Tloc           0%         N/A       71%         3
 Blade Hands              Tmut           0%         N/A       100%        5
 Irradiate                Conj/Tmut      0%         3d11      100%        5
 Summon Forest            Summ/Tloc      0%         N/A       100%        5
 Dispersal                Tloc           0%         N/A       100%        6
 Eringya's Noxious Bog    Tmut/Pois      0%         N/A       100%        6
 Dragon Form              Tmut           0%         N/A       100%        7
 Summon Hydra             Summ           0%         N/A       100%        7


Dungeon Overview and Level Annotations

Branches:
Dungeon (5/15)
 Temple: D:4-7

Altars:
Dithmenos
Sif Muna
Uskayaw
Wu Jian
Yredelemnul

Shops:
D:3 ?


Innate Abilities, Weirdness & Mutations

You are very small and have problems with some larger weapons.
You are too small for most types of armour.
You have supernaturally acute eyesight. (SInv)
You cover ground extremely quickly. (Speed+++)


Message History

A kobold comes into view. It is wielding a +0 short sword.
A kobold is nearby!
A kobold is nearby!
A kobold is nearby!
You shoot an arrow.
The arrow hits the kobold but does no damage.
The kobold shouts!
You shoot an arrow. The arrow completely misses the kobold.
You shoot an arrow. The arrow hits the kobold.
You kill the kobold!
No target in view!
No target in view!
No target in view!
Done exploring.
Done exploring.
Done exploring.
Done exploring.
Search for what [Enter for "."]?
You see here a quokka skeleton.
There is a stone staircase leading down here.
You climb downwards.
There is a stone staircase leading up here.
You open the door.
Found 4 stones.
There is an open door here.
You open the door.
A centaur comes into view.
You shoot an arrow.
The arrow hits the centaur but does no damage.
The centaur wields a +0 shortbow.
The centaur shoots an arrow.
The arrow hits you!
The centaur shoots an arrow.
The arrow misses you.
You shoot an arrow. The arrow hits the centaur.
The centaur is moderately wounded.
The centaur shoots an arrow.
The arrow hits you!
The centaur shoots an arrow.
The arrow misses you.
The centaur shoots an arrow.
The arrow barely misses you.
You open the door.
The centaur shoots an arrow.
The arrow hits you!
Ouch! That really hurt!
You die...

#.. #.. ..# #..
#..# #.. ...+ +..
...# #.. #..#
#..##..#
#####..@...# #
#...#..#...# ..
#...#..##..# ...
#...#..##..# ....
#.<.#......# .....
#...#.....c#......
#..##......'......
#..##......#......
#..'.......#......


You could see a centaur.

Vanquished Creatures
  Sigmund (D:3)
  A phantom (D:4)
  A jelly (D:4)
  An iguana (D:4)
  3 gnolls (D:2)
  4 adders
  An ufetubus (D:4)
  3 worms (D:2)
  A dart slug (D:1)
  6 orcs
  7 ball pythons
  4 endoplasms
  4 giant cockroaches
  5 goblins
  9 hobgoblins
  2 jackals (D:1)
  6 kobolds
  2 quokkas
  8 bats
  5 frilled lizards
  4 rats
78 creatures vanquished.

Notes
Turn   | Place    | Note
-------+----------+-------------------------------------------
     0 | D:1      | wormed the Spriggan Hunter began the quest for the Orb.
     0 | D:1      | Reached XP level 1. HP: 10/10 MP: 2/2
   174 | D:1      | Reached XP level 2. HP: 15/15 MP: 3/3
   321 | D:1      | Reached XP level 3. HP: 18/18 MP: 4/4
   686 | D:2      | Identified the +0 robe of Wariness {Harm rC++ rN+ Archmagi}
   730 | D:2      | Found a hide-covered altar of Uskayaw.
   805 | D:2      | Reached XP level 4. HP: 23/23 MP: 5/5
   821 | D:2      | Found a shadowy altar of Dithmenos.
  1523 | D:2      | Found a faded altar of an unknown god.
  1759 | D:3      | Reached skill level 5 in Ranged Weapons
  1881 | D:3      | Noticed Sigmund
  1886 | D:3      | Killed Sigmund
  1887 | D:3      | Reached XP level 5. HP: 27/27 MP: 6/6
  1887 | D:3      | Reached XP level 6. HP: 32/32 MP: 7/7
  2144 | D:3      | Found Filefuz's Magic Scroll Shoppe.
  2151 | D:3      | Bought a scroll of teleportation for 42 gold pieces
  2151 | D:3      | Bought a scroll of identify for 28 gold pieces
  2151 | D:3      | Bought a scroll of identify for 28 gold pieces
  2151 | D:3      | Bought a scroll of identify for 28 gold pieces
  2219 | D:3      | Found a shimmering blue altar of Sif Muna.
  2220 | D:3      | Found a shadowy altar of Dithmenos.
  2328 | D:4      | Reached skill level 5 in Stealth
  2339 | D:4      | Found a basalt altar of Yredelemnul.
  2349 | D:4      | Found an ornate altar of the Wu Jian Council.
  2489 | D:4      | Reached skill level 6 in Ranged Weapons
  2989 | D:5      | Entered Level 5 of the Dungeon
  3015 | D:5      | Shot with an arrow by a centaur

Illustrated notes

Levels and vault maps discovered:
D:1:      zaba_arrival_water, layout_basic
D:2:      layout_basic, dilly_ecumenical_altar_fadedgnrine, basic_altar,
          minmay_hexomino_r4
D:3:      layout_loops_cross, gammafunk_temple_overflow_statue, serial_shops,
          shop_scrolls, uniq_sigmund
D:4:      layout_loops_ring, amethyst_overflow_temple_binary
D:5:      layout_gridville

Skill      XL: |  1  2  3  4  5  6 |
---------------+-------------------+-----
Stealth        | 2 3 4 5 |  5.2
Dodging        | 3 4 |  4.9
Fighting       | 2 3 |  3.0
Ranged Weapons | 5 6 |  6.0

Action                   |  1- 3 |  4- 6 || total
-------------------------+-------+-------++-------
 Fire: Shortbow          |   128 |    91 ||   219
  Use: Scroll            |       |     7 ||     7
Armor: Robe              |     5 |     2 ||     7
Dodge: Dodged            |    36 |    24 ||    60
